 Dungeon Crawl Stone Soup version 0.26.1 (webtiles) character file.

Game seed: 15884032334470346318

2403 swilekon the Arsonist (level 9, 0/51 HPs)
             Began as an Octopode Fire Elementalist on Feb 5, 2021.
             Was an Initiate of Gozag.
             Slain by a killer bee (2 damage)
             ... on level 10 of the Dungeon.
             The game lasted 00:22:15 (9115 turns).

swilekon the Arsonist (Octopode Fire Elementalist)  Turns: 9115, Time: 00:22:17

Health: 0/51       AC:  1    Str:  8    XL:     9   Next: 47%
Magic:  26/26      EV: 18    Int: 20    God:    Gozag
Gold:   621        SH:  5    Dex: 12    Spells: 14/18 levels left

rFire    . . .     SeeInvis .   f - +3 dagger (venom)
rCold    . . .     Faith    .   (no shield)
rNeg     . . .     Spirit   .   (helmet restricted)
rPois    +         Reflect  +   l - amulet of reflection
rElec    .         Harm     .   d - ring of poison resistance
rCorr    .         Rampage  .   t - ring of magical power
Will     +....                  (no ring)
Stlth    ++++......             (no ring)
HPRegen  0.17/turn              (no ring)
MPRegen  0.20/turn              (no ring)
                                (no ring)
                                (no ring)

@: lethally poisoned (0 -> -12), about to teleport
A: almost no armour, stealthy swim, amphibious, 8 rings, constrict 8, repulsion
field 1, camouflage 1, blink, strong-willed 1, gelatinous body 1
a: Blink, Renounce Religion, Potion Petition, Call Merchant, Bribe Branch


You were on level 10 of the Dungeon.
You worshipped Gozag.
Gozag was pleased with you.
You visited 2 branches of the dungeon, and saw 10 of its levels.

You collected 670 gold pieces.
You paid 49 gold pieces to Gozag.

Inventory:

Hand Weapons
 f - a +3 dagger of venom (weapon)
Jewellery
 d - a ring of poison resistance (left tentacle)
 l - an amulet of reflection (around mantle)
 t - a ring of magical power (right tentacle)
Wands
 g - a wand of disintegration (6)
 k - a wand of iceblast (11)
 s - a wand of paralysis (7)
Scrolls
 a - 5 scrolls of remove curse
 c - 2 scrolls of magic mapping
 i - 3 scrolls of immolation
 j - a scroll of teleportation
 q - 3 scrolls of identify
 r - 2 scrolls of amnesia
 u - a scroll of holy word
Potions
 b - a potion of might
 e - 5 potions of curing
 m - a potion of cancellation
 n - 2 potions of invisibility
 o - 2 potions of brilliance
 p - a potion of heal wounds
 v - a potion of magic


   Skills:
 + Level 5.8 Dodging
 - Level 5.0 Stealth
 + Level 5.3 Spellcasting
 + Level 5.4 Conjurations
 * Level 8.0 Fire Magic


You had 14 spell levels left.
You knew the following spells:

 Your Spells              Type           Power        Failure   Level
a - Foxfire               Conj/Fire      100%         1%          1
b - Inner Flame           Hex/Fire       21%          6%          3

Your spell library contained the following spells:

 Spells                   Type           Power        Failure   Level
 Conjure Flame            Conj/Fire      32%          1%          3
 Sticky Flame             Conj/Fire      32%          7%          4
 Freeze                   Ice            20%          11%         1
 Fireball                 Conj/Fire      16%          19%         5
 Confusing Touch          Hex            5%           32%         3
 Frozen Ramparts          Ice            10%          32%         3
 Gell's Gravitas          Tloc           2%           32%         3
 Ozocubu's Armour         Ice            5%           32%         3
 Hailstorm                Conj/Ice       16%          36%         4
 Petrify                  Tmut/Erth      5%           73%         4
 Summon Ice Beast         Ice/Summ       5%           73%         4
 Metabolic Englaciation   Hex/Ice        2%           97%         5
 Yara's Violent Unravell  Hex/Tmut       2%           97%         5


Dungeon Overview and Level Annotations

Branches:
Dungeon (8/15)             Temple (1/1) D:4            Lair (0/6) D:10

Altars:
Cheibriados
Dithmenos
Elyvilon
Fedhas
Gozag
Hepliaklqana
Kikubaaqudgha
Makhleb
Nemelex Xobeh
Okawaru
Qazlal
Ru
Sif Muna
Trog
Uskayaw
Vehumet
Wu Jian
Xom
Yredelemnul
Zin
The Shining One

Annotations:
D:2 Terence


Innate Abilities, Weirdness & Mutations

You cannot wear most types of armour.
You are very stealthy in the water. (Stealth+)
You are amphibious.
You can wear up to eight rings at the same time.
You can use your tentacles to constrict eight enemies at once.
Your skin changes colour to match your surroundings (Stealth+).
Your rubbery body absorbs attacks. (AC +1, EV +1)
You are surrounded by a mild repulsion field. (EV +2)
You can translocate small distances at will.
You are strong-willed. (Will+)


Message History

Found a halberd.
A nearby fungus withers and dies.
A nearby plant withers and dies. x2
The killer bee stings you!
You are poisoned.
The killer bee poisons you! The killer bee completely misses you.
You block the killer bee's attack.
The killer bee stings the plant!
The wyvern bites the plant!
You block the killer bee's attack. The killer bee completely misses you.
The killer bee stings you!
* * * LOW HITPOINT WARNING * * *
You are more poisoned.
The killer bee poisons you! The killer bee stings you.
* * * LOW HITPOINT WARNING * * *
The water moccasin bites the plant.
The killer bee stings the plant!
The plant is poisoned.
The killer bee poisons the plant!
The water moccasin bites the plant!
The wyvern completely misses the plant.
The water moccasin bites you!
* * * LOW HITPOINT WARNING * * *
The killer bee stings you.
You die...
Your body crumbles into a pile of gold.

.##########
.............♣.###
?.......P..P..P..##
......#P.P........#
.)..T...♣..P...♣P....#
........l.PY.....P....
###.....l..P..P....###
#....yYyYS♣♣....P..#
#....y@lSsP>.PP......
#..$.PSyPP.P........##
#.....PYyl....PS....#
###.)..o....PoPo
##..♣P....P.P.$
###..P.......
#........P ###PP.....


You could see 4 yaks, a troll, a basilisk, 3 water moccasins, 3 wyverns, a
scorpion, 5 killer bees and 2 orcs.

Vanquished Creatures
  Erica (D:8)
  A hornet (D:8)
  A phantom (D:7)
  An orc warrior (D:6)
  A black bear (D:6)
  2 ogres
  3 centaurs
  A water moccasin skeleton (D:7)
  A scorpion (D:6)
  3 killer bees (D:7)
  A vampire bat (D:2)
  A bullfrog zombie (D:6)
  2 hounds
  4 jellies
  An orc priest (D:6)
  4 worker ants
  A worker ant zombie (D:5)
  3 gnolls (D:5)
  9 adders
  2 white imps
  An ooze (D:1)
  An adder skeleton (D:6)
  A worm (D:5)
  4 dart slugs
  4 leopard geckos
  14 orcs
  2 bat skeletons (D:2)
  2 bat zombies (D:2)
  5 giant cockroaches
  7 hobgoblins
  7 jackals
  7 kobolds
  2 quokkas
  3 ball pythons
  7 bats
  8 frilled lizards
  8 goblins
  8 rats
134 creatures vanquished.

Vanquished Creatures (others)
  An orc warrior (D:6)
  An orc priest (D:6)
  An orc (D:6)
  424 foxfires
  2 fungi (D:10)
  5 plants (D:10)
434 creatures vanquished.

Grand Total: 568 creatures vanquished

Notes
Turn   | Place    | Note
-------+----------+-------------------------------------------
     0 | D:1      | swilekon the Octopode Fire Elementalist began the quest for
                  | the Orb.
     0 | D:1      | Reached XP level 1. HP: 11/11 MP: 3/3
   189 | D:1      | Reached XP level 2. HP: 11/17 MP: 0/5
   818 | D:1      | Reached XP level 3. HP: 21/21 MP: 0/6
  1335 | D:2      | Found a burning altar of Makhleb.
  1341 | D:2      | Reached XP level 4. HP: 27/27 MP: 7/7
  1798 | D:2      | Noticed Terence
  2172 | D:2      | Found an ancient bone altar of Kikubaaqudgha.
  2175 | D:2      | Reached XP level 5. HP: 31/31 MP: 6/9
  2678 | D:3      | Learned a level 3 spell: Inner Flame
  3314 | D:3      | Noticed a +0 dagger
  3353 | D:3      | Noticed a +0 hand axe
  3356 | D:3      | Found a hide-covered altar of Uskayaw.
  3565 | D:4      | Found a snail-covered altar of Cheibriados.
  3605 | D:4      | Found a staircase to the Ecumenical Temple.
  3611 | D:4      | Reached skill level 4 in Fire Magic
  3611 | D:4      | Reached XP level 6. HP: 28/36 MP: 6/10
  3613 | Temple   | Entered the Ecumenical Temple
  4187 | Temple   | Became a worshipper of Gozag Ym Sagoz the Greedy
  4842 | D:5      | Entered Level 5 of the Dungeon
  5151 | D:5      | Reached skill level 5 in Stealth
  5158 | D:5      | Found a shadowy altar of Dithmenos.
  5168 | D:5      | Reached XP level 7. HP: 41/41 MP: 4/11
  5574 | D:5      | Found a white marble altar of Elyvilon.
  5982 | D:5      | Gained mutation: You are strong-willed. (Will+) [potion of
                  | mutation]
  5982 | D:5      | Gained mutation: You are surrounded by a mild repulsion
                  | field. (EV +2) [potion of mutation]
  5982 | D:5      | Gained mutation: You can translocate small distances at
                  | will. [potion of mutation]
  6027 | D:6      | Reached skill level 5 in Fire Magic
  6786 | D:6      | Reached XP level 8. HP: 46/46 MP: 8/13
  6956 | D:6      | Reached skill level 6 in Fire Magic
  7025 | D:6      | Found a shimmering blue altar of Sif Muna.
  7248 | D:6      | Found a radiant altar of Vehumet.
  8331 | D:7      | Reached skill level 5 in Dodging
  8903 | D:8      | Noticed Erica
  8905 | D:8      | Found a basalt altar of Yredelemnul.
  8916 | D:8      | Killed Erica
  8917 | D:8      | Reached skill level 5 in Spellcasting
  8917 | D:8      | Reached skill level 5 in Conjurations
  8917 | D:8      | Reached skill level 7 in Fire Magic
  8917 | D:8      | Reached XP level 9. HP: 49/51 MP: 16/16
  8967 | D:8      | Noticed a hornet
  8978 | D:8      | Killed a hornet
  8979 | D:8      | Reached skill level 8 in Fire Magic
  9108 | D:8      | You fall into a shaft and drop 2 floors!
  9108 | D:10     | Entered Level 10 of the Dungeon
  9108 | D:10     | Found a staircase to the Lair.
  9112 | D:10     | Noticed a troll
  9115 | D:10     | HP: 2/51 [water moccasin (9)]
  9115 | D:10     | Slain by a killer bee

Illustrated notes

Levels and vault maps discovered:
D:1:      dpeg_arrival_houses_and_road, layout_loops_ring
D:2:      layout_loops_ring, bloody_makhleb, kennysheep_vampire_church,
          uniq_terence
D:3:      layout_loops_ring, dancing_weapons_uskayaw
D:4:      layout_basic, cheibriados_altar_1, minmay_temple_entry_tees,
          grunt_ministairs_1
D:5:      layout_loops_corners, overflow_temple_1_default, basic_altar,
          minivault_24, corner_web_ring, st_stairs_6
D:6:      cheibrodos_iron_armory, layout_basic, fiery_altar_vehumet,
          lemuel_blue_sif_altar
D:7:      layout_loops_ring, hangedman_abyss_or_decor_stagger
D:8:      layout_basic, nicolae_overflow_crystal_walls, serial_shops,
          nicolae_shop_trees, uniq_erica
D:10:     layout_rooms, minmay_lair_entry_grove, kennysheep_generic_room_11
Temple:   eino_temple_water

Skill      XL: |  1  2  3  4  5  6  7  8  9 |
---------------+----------------------------+-----
Stealth        | 3 4 5 |  5.0
Conjurations   | 2 3 5 |  5.4
Dodging        | 3 4 5 |  5.8
Spellcasting   | 3 5 |  5.3
Fire Magic     | 4 5 7 8 |  8.0

Action                   |  1- 3 |  4- 6 |  7- 9 || total
-------------------------+-------+-------+-------++-------
Melee: Unarmed           |     3 |       |       ||     3
       Constrict         |     5 |    10 |     7 ||    22
       Tentacles         |     2 |     4 |     4 ||    10
       Dagger            |    24 |    24 |    24 ||    72
 Cast: Foxfire           |    37 |   101 |   139 ||   277
       Inner Flame       |       |     5 |     6 ||    11
  Use: Scroll            |       |    12 |    12 ||    24
       Potion            |       |       |     2 ||     2
 Stab: Sleeping          |     6 |     8 |     1 ||    15
Armor: Skin              |     4 |     2 |     2 ||     8
Dodge: Dodged            |    17 |    16 |    40 ||    73
Block: Other             |       |     5 |    14 ||    19
